 Dungeon Crawl Stone Soup version 0.29-a0-384-g6960b1960d (webtiles) character file.

Game seed: 2217583455825178507

57 sammy202020 the Skirmisher (level 3, -1/43 HPs)
             Began as a Demonspawn Berserker on May 7, 2022.
             Was a Follower of Trog.
             Slain by a gnoll
             ... wielding a +0 halberd
              (11 damage)
             ... on level 2 of the Dungeon.
             The game lasted 00:02:28 (1561 turns).

sammy202020 the Skirmisher (Demonspawn Berserker)   Turns: 1561, Time: 00:02:29

Health: -1/43      AC:  4    Str: 17    XL:     3   Next: 73%
Magic:  3/3        EV: 12    Int: 10    God:    Trog [*.....]
Gold:   75         SH:  0    Dex: 12    Spells: 2/2 levels left

rFire   . . .      SeeInvis .   a - +0 hand axe
rCold   . . .      Faith    .   (no shield)
rNeg    . . .      Spirit   .   b - +0 animal skin
rPois   .          Reflect  .   (no helmet)
rElec   .          Harm     .   (no cloak)
rCorr   .          Rampage  .   (no gloves)
Will    ++...                   (no boots)
Stlth   ..........              (no amulet)
HPRegen 1.14/turn               (no ring)
MPRegen 0.08/turn               (no ring)

@: berserking, strong-willed, regenerating, very quick
A: yellow scales 1, demonic touch 1
a: Renounce Religion, Berserk


You were on level 2 of the Dungeon.
You worshipped Trog.
Trog was aware of your devotion.
You visited 1 branch of the dungeon, and saw 2 of its levels.

You collected 75 gold pieces.

Inventory:

Hand Weapons
 a - a +0 hand axe (weapon)
Armour
 b - a +0 animal skin (worn)
Scrolls
 c - 5 scrolls of identify {unknown}
 d - 2 scrolls of fog {unknown}
 e - a scroll of teleportation {unknown}
 f - 3 scrolls of vulnerability {unknown}
 j - a scroll of immolation {unknown}
Potions
 g - a potion of might {unknown}
 h - 4 potions of curing {unknown}
 i - a potion of brilliance {unknown}


   Skills:
 * Level 3.6 Fighting
 * Level 3.2 Axes
 + Level 2.1 Armour
 + Level 2.1 Dodging
 * Level 0.6 Unarmed Combat


You had 2 spell levels left.
You didn't know any spells.
Your spell library was empty.

Dungeon Overview and Level Annotations

Branches:
Dungeon (2/15)

Altars:

Shops:
D:1 *

Annotations:
D:2 Terence


Innate Abilities, Weirdness & Mutations

You are partially covered in yellow scales. (AC +2)
Your touch may inflict minor irresistible damage on your foes.


Message History

You hit the hobgoblin but do no damage. The bat misses you.
The hobgoblin hits you but does no damage.
The gnoll hits you from afar with a +0 halberd.
You barely miss Terence.
You touch Terence.
Terence is moderately wounded.
You closely miss the hobgoblin. The bat misses you.
Terence hits you with a +0 flail. The hobgoblin hits you.
The gnoll hits you from afar with a +0 halberd.
You are too injured to fight recklessly!
You are too injured to fight recklessly!
You are too injured to fight recklessly!
You are too injured to fight recklessly!
You are too injured to fight recklessly!
You are too injured to fight recklessly!
You are too injured to fight recklessly!
You are too injured to fight recklessly!
You are too injured to fight recklessly!
You are too injured to fight recklessly!
You are too injured to fight recklessly!
You are too injured to fight recklessly!
You are too injured to fight recklessly!
You are too injured to fight recklessly!
Unknown command.
Your skin crawls.
You feel strong-willed. The bat closely misses you. Terence closely misses you.
The hobgoblin closely misses you. The gnoll barely misses you.
The bat closely misses you.
A red film seems to cover your vision as you go berserk!
You feel yourself moving faster!
You feel mighty!
You can no longer call upon Trog for regeneration and willpower.
The bat barely misses you. Terence barely misses you. The hobgoblin hits you.
The gnoll closely misses you.
You slash Terence! Your touch misses Terence.
Terence is almost dead.
You hit the hobgoblin. The bat misses you. Terence hits you with a +0 flail!
* * * LOW HITPOINT WARNING * * *
The hobgoblin barely misses you.
The gnoll hits you from afar with a +0 halberd!
You die...

........# ........#
#.......'
#####...#####.......#
....................#
#####...###.##....#.#
#.......##......# .
#####.#.##..........#...
................@g..>...
#####.#.##.#.#.b@).#
#.#......)..)#g.....
#.#####.##...# .....
#####.. ...##...# ....
...#### ######...# ...
##.# .#.... ## ##.#
..#####. .#.# ... . ##.#


You could see Terence, a gnoll, a hobgoblin and a bat.

Vanquished Creatures
  2 gnolls (D:2)
  An adder (D:2)
  6 ball pythons (D:1)
  2 bats (D:1)
  An endoplasm (D:1)
  3 giant cockroaches
  4 goblins
  3 jackals (D:1)
  A frilled lizard (D:2)
  2 kobolds
25 creatures vanquished.

Vanquished Creatures (others)
  7 plants (D:1)
  7 withered plants (D:1)
14 creatures vanquished.

Grand Total: 39 creatures vanquished

Notes
Turn   | Place    | Note
-------+----------+-------------------------------------------
     0 | D:1      | sammy202020 the Demonspawn Berserker began the quest for
                  | the Orb.
     0 | D:1      | Reached XP level 1. HP: 18/18 MP: 1/1
   269 | D:1      | Found a faded altar of an unknown god.
   287 | D:1      | Found Kami's General Store.
   342 | D:1      | Gained mutation: You are partially covered in yellow
                  | scales. (AC +2) [demonic ancestry]
   342 | D:1      | Reached XP level 2. HP: 18/24 MP: 2/2
   778 | D:1      | Reached ** piety under Trog
  1329 | D:2      | Gained mutation: Your touch may inflict minor irresistible
                  | damage on your foes. [demonic ancestry]
  1329 | D:2      | Reached XP level 3. HP: 29/29 MP: 3/3
  1551 | D:2      | Noticed Terence
  1561 | D:2      | Slain by a gnoll

Illustrated notes

Levels and vault maps discovered:
D:1:      dpeg_arrival_water_temple_mockup, layout_basic,
          shapermc_ecumenical_altar_flowoftime, serial_shops, shop
D:2:      layout_basic, uniq_terence, uniq_robin

Skill      XL: |  1  2 |
---------------+-------+-----
Axes           | 3 |  3.2
Dodging        | 2 |  2.1
Armour         | 2 |  2.1
Fighting       | |  3.6
Unarmed Combat | |  0.6

Action                   || total
-------------------------++-------
Melee: Hand axe          ||   101
       Punch             ||     1
       Touch             ||     3
Invok: Berserk           ||     1
       Trog's Hand       ||     1
Armor: Animal skin       ||    20
Dodge: Dodged            ||    66

Table legend: (Time is in decaauts)
 A = Elapsed time spent in this place.
 B = Non-inter-level travel time spent in this place.
 C = Inter-level travel time spent in this place.
 D = Time resting spent in this place.
 E = Time spent auto-exploring this place.
 F = Levels seen in this place.
 G = Mean time per level.
                   A        B        C        D        E       F      G
               +--------+--------+--------+--------+--------+-----+--------+
         Total |   1576 |   1481 |     95 |    210 |   1062 |   2 |  788.0 |
       Dungeon |   1576 |   1481 |     95 |    210 |   1062 |   2 |  788.0 |
               +--------+--------+--------+--------+--------+-----+--------+

Top non-repeatable levels by time:
     D:1: 1278 daAuts
     D:2: 297 daAuts
